Cogmind - Beta 15 @@@ ROGUE MODE // 2025.06.23 @ 21:26:59 Player: 5N-P3R Result: Destroyed by G-47 Trooper with Particle Gun Performance ------------- Evolutions (2) 1000 Regions Visited (3) 600 Robots Destroyed (24) 120 Value Destroyed (789) 789 Prototype IDs (0) 0 Alien Tech Used (0) 0 Bonus (0) 0 TOTAL SCORE: 2509 Bonus ------- None Cogmind --------- Core Integrity 0/550 Matter 285/300 Energy 37/100 System Corruption 4% Temperature Cool (54) Movement Core (100) Ox1 Location -8/Materials Parts ------- > --- POWER (2) -------- (None) > --- PROPULSION (3) --- (None) > --- UTILITY (3) ------ Improved Signal Interpreter Improved Terrain Scanner > --- WEAPON (3) ------- Pulse Rifle > --- INVENTORY (5) ---- Light Nuclear Core Improved Signal Interpreter Melee Analysis Suite Peak State ------------ > --- POWER ------------ Improved Ion Engine Improved Ion Engine > --- PROPULSION ------- Light Treads Light Treads Light Treads > --- UTILITY ---------- Sensor Array Improved Signal Interpreter Hacking Suite > --- WEAPON ----------- Autogun Shotgun Rocket Launcher > --- INVENTORY -------- Pulse Rifle Rocket Launcher Datajack [Rating: 20] Favorites ----------- Power Improved Ion Engine Engine Improved Ion Engine Power Core Light Nuclear Core Propulsion Light Treads Treads Light Treads Leg Aluminum Leg Flight Unit Flight Unit Utility Sensor Array Device Sensor Array Processor Improved Signal Interpreter Hackware Hacking Suite Weapon Rocket Launcher Energy Gun Particle Gun Ballistic Gun Autogun Launcher Rocket Launcher Special Weapon Welding Torch Special Melee Weapon Datajack Build | -11 -10 -9 -8 ------- Run | Yrd Mat Mat Mat Slots Evolved 4 | . . 2 2 Power 1 | . . 1 . Propulsion 1 | . . 1 . Utility 1 | . . . 1 Weapon 1 | . . . 1 Parts Attached 34 | 5 13 10 6 Power 6 | 1 1 3 1 Engine 5 | 1 1 3 . Core 1 | . . . 1 Reactor . | . . . . Propulsion 8 | 2 3 3 . Treads 3 | . . 3 . Leg 4 | 2 2 . . Wheel . | . . . . Hover . | . . . . Flight 1 | . 1 . . Utility 8 | . 4 2 2 Device 5 | . 3 1 1 Storage . | . . . . Processor 2 | . 1 1 . Hackware 1 | . . . 1 Protection . | . . . . Artifact . | . . . . Weapon 12 | 2 5 2 3 Energy Gun 4 | 1 1 . 2 Energy Cannon . | . . . . Ballistic Gun 3 | 1 1 1 . Ballistic Cannon . | . . . . Launcher 3 | . 1 1 1 Special Weapon 1 | . 1 . . Impact Weapon . | . . . . Slashing Weapon . | . . . . Piercing Weapon . | . . . . Special Melee Weapon 1 | . 1 . . Unidentified Prototypes . | . . . . Parts Lost 17 | . 5 . 12 Power 3 | . 1 . 2 Propulsion 3 | . 1 . 2 Utility 2 | . . . 2 Weapon 9 | . 3 . 6 Highest Loss Streak 6 | . 5 . 6 To Critical Strikes . | . . . . Average Backups 3 | . 1 4 3 Power . | . . . . Propulsion . | . . . . Utility . | . . . 1 Weapon 1 | . . 2 . Tool/Special . | . . . . Unused Backups 2 | . . . 2 Power . | . . . . Propulsion . | . . . . Utility 2 | . . . 2 Weapon . | . . . . Tool/Special . | . . . . Average Slot Usage (%) 80 | . 77 93 55 Engine 14 | . 11 21 3 Treads 12 | . . 24 5 Leg 8 | . 23 2 . Device 11 | . 13 12 7 Processor 7 | . 4 9 9 Hackware 2 | . . . 8 Energy Gun 5 | . 12 . 5 Ballistic Gun 10 | . 6 13 8 Launcher 5 | . . 8 6 Special Melee Weapon 1 | . 3 . . Peak Build Rating 20 | 5 12 16 20 Average Rating 12 | 3 8 14 14 On Entrance 8 | . 5 12 16 Naked Turns 2 | . 2 . . Heaviest Build 25 | 9 14 22 25 Greatest Support 60 | 20 20 60 60 Greatest Overweight (x) 3 | . 1 1 3 Average Overweight (x) . | . . . 1 Largest Inventory Capacity 5 | 5 5 5 5 Average Capacity 5 | 5 5 5 5 Most Carried 5 | 2 4 5 5 Average Carried 3 | . 1 4 3 Final Capacity 5 | 5 5 5 5 Final Carried 5 | . 4 5 3 Class Distribution -------------------- 50% | Scavenger-Mutant 34% | Mutant 11% | Skirmisher 3% | Scavenger-Skirmisher Dominant Class ---------------- Mutant | -10/Materials Scavenger-Mutant | -9/Materials Skirmisher | -8/Materials Resources | -11 -10 -9 -8 ----------- Run | Yrd Mat Mat Mat Matter Collected 895 | 191 237 280 187 Remotely . | . . . . Salvage Created 763 | . 267 322 174 Parts 47 | . 19 23 5 Haulers Intercepted . | . . . . Recyclers Shooed . | . . . . Parts Field Recycled . | . . . . Retrieved Matter . | . . . . Parts Self-Destructed . | . . . . Prevented . | . . . . Kills | -11 -10 -9 -8 ------- Run | Yrd Mat Mat Mat Combat Hostiles Destroyed 17 | . 5 8 4 Guns 13 | . 4 5 4 Cannons 1 | . 1 . . AOE 3 | . . 3 . Classes Destroyed 8 | . 4 3 1 Worker 1 | . . 1 . Builder 2 | . 1 1 . Tunneler 1 | . 1 . . Operator 1 | . . 1 . Watcher 2 | . 2 . . Grunt 12 | . 5 4 3 Duelist 1 | . . . 1 Sentry 4 | . . 4 . Best Kill Streak 5 | . 3 5 2 Combat Bots Only 3 | . 2 3 2 Max Kills in Single Turn 2 | . 1 2 1 Gunslinging . | . . . . Exploded 1 | . . 1 . Melee . | . . . . Uniques/NPCs Destroyed . | . . . . Combat | -11 -10 -9 -8 -------- Run | Yrd Mat Mat Mat Hostile Shots Fired 256 | . 84 53 119 Missed 86 | . 35 14 37 Hits 170 | . 49 39 82 Melee 9 | . . . 9 Projectile 161 | . 49 39 73 Critical Strikes 8 | . 2 2 4 Damage Taken 2473 | . 664 572 1237 Core 838 | . 150 132 556 Absorbed by Shields . | . . . . Core Remaining (%) 69 | 100 40 67 . Volleys Fired 101 | . 42 31 28 Largest 2 | . 2 2 2 Hottest 85 | . 85 46 63 Shots Fired 138 | . 71 34 33 Gun 132 | . 70 29 33 Cannon . | . . . . Launcher 5 | . . 5 . Special 1 | . 1 . . Kinetic 79 | . 31 29 19 Thermal 54 | . 40 . 14 Explosive 5 | . . 5 . Electromagnetic . | . . . . Robot Hit Streak 23 | . 6 12 23 Robot Miss Streak 4 | . 3 3 4 Penetration Max . | . . . . Secondary Targets . | . . . . Shots Hit Robots 87 | . 37 26 24 Core Hits 47 | . 15 18 14 Critical Kills 1 | . . 1 . Critical Parts Destroyed . | . . . . Critical Strikes 1 | . . 1 . Destroy 1 | . . 1 . Melee Attacks 2 | . . . 2 Impact . | . . . . Slashing . | . . . . Piercing . | . . . . Sneak Attacks . | . . . . Combat Hostiles . | . . . . Follow-up Attacks . | . . . . Damage Inflicted 1678 | . 509 796 373 Guns 1262 | . 507 382 373 Cannons . | . . . . Explosions 414 | . . 414 . Melee . | . . . . Ramming . | . . . . Kinetic 892 | . 237 382 273 Thermal 372 | . 272 . 100 Explosive 414 | . . 414 . Electromagnetic . | . . . . Impact . | . . . . Slashing . | . . . . Piercing . | . . . . Highest Corruption 4 | . 3 . 4 Average Corruption 3 | . 2 . 4 Corruption Purged . | . . . . Corruption Blocked . | . . . . Effects 2 | . 2 . . Parts Fused 1 | . 1 . . Data Loss (minor) 1 | . 1 . . Overload Shots . | . . . . Overflow Damage . | . . . . Projectiles . | . . . . Explosions . | . . . . Melee . | . . . . Knockbacks . | . . . . Impact . | . . . . Kinetic . | . . . . Secondary . | . . . . Self-Inflicted Damage . | . . . . Shots . | . . . . Rammed . | . . . . Targets Rammed . | . . . . Kicked . | . . . . Crushed . | . . . . Highest Temperature 135 | . 135 25 50 Average Temperature 29 | . 45 9 17 Received Heat Transfer 978 | . 414 240 324 Siege Activations . | . . . . Martial Activations . | . . . . Shielding Activations . | . . . . Robots Disrupted . | . . . . Combat Hostiles . | . . . . Robots Corrupted . | . . . . Combat Hostiles . | . . . . Parts Fried . | . . . . Impact Corruptions . | . . . . Robots Melted . | . . . . Combat Hostiles . | . . . . Parts Melted 3 | . 3 . . Heat Transferred 1024 | . 802 . 222 Parts Sabotaged . | . . . . Parts Stolen . | . . . . Parts Stripped . | . . . . Power Chain Reactions . | . . . . Alert | -11 -10 -9 -8 ------- Run | Yrd Mat Mat Mat Maximum Alert Level . | . . . . Low Security (%) 100 | 100 100 100 100 Level 1 . | . . . . Level 2 . | . . . . Level 3 . | . . . . Level 4 . | . . . . Level 5 . | . . . . High Security . | . . . . Max Security . | . . . . Peak Influence 109 | . 50 109 40 Initial . | . . . . Average 18 | . 10 30 5 Influence Increases 529 | . 159 264 106 Destroy 0b10 Robot/C 340 | . 100 160 80 Destroy 0b10 Robot/NC 35 | . 20 15 . Destroy Leader 84 | . 24 50 10 Disable Machine 15 | . . 15 . Destroy Structure 25 | . . 24 1 Lose Combat Pursuer 30 | . 15 . 15 Influence Decreases 529 | . 159 264 106 Time Decay 420 | . 127 222 71 Lost Part 67 | . 32 . 35 Purge Threat 42 | . . 42 . Squads Dispatched 1 | . . 1 . Investigation 1 | . . 1 . Extermination . | . . . . Reinforcement . | . . . . Assault . | . . . . Garrison . | . . . . Intercept . | . . . . Searches Triggered . | . . . . Construction Impeded . | . . . . Haulers Reinforced . | . . . . Active Scanning Responses . | . . . . Cargo Convoy Interrupts . | . . . . Stealth | -11 -10 -9 -8 --------- Run | Yrd Mat Mat Mat Distress Signals 4 | . 1 . 3 Communications Jammed . | . . . . Distress Signals . | . . . . Times Spotted 32 | . 9 10 13 Peak Tracking Total 8 | . 4 3 8 Tactical Retreats 2 | . 1 . 1 Traps | -11 -10 -9 -8 ------- Run | Yrd Mat Mat Mat Traps Triggered 6 | . 5 1 . Indirectly . | . . . . Trap Hack Attempts . | . . . . Triggered . | . . . . Disarmed . | . . . . Reprogrammed . | . . . . Reused . | . . . . Traps Extracted . | . . . . Installed . | . . . . Triggered . | . . . . Machines | -11 -10 -9 -8 ---------- Run | Yrd Mat Mat Mat Machines Disabled 1 | . . 1 . Max in Single Turn 1 | . . 1 . Machines Repaired . | . . . . Machines Dismantled . | . . . . Machines Sabotaged . | . . . . Overloaded Fab Kills . | . . . . Hacking | -11 -10 -9 -8 --------- Run | Yrd Mat Mat Mat Machines Accessed 3 | . 1 2 . Terminals 2 | . . 2 . Fabricators . | . . . . Repair Stations . | . . . . Recycling Units 1 | . 1 . . Scanalyzers . | . . . . Garrison Access . | . . . . Total Hacks 5 | . 2 3 . Successful 4 | . 1 3 . Failed 1 | . 1 . . Catastrophic . | . . . . Database Lockouts . | . . . . Manual . | . . . . Terminals 3 | . . 3 . Fabricators . | . . . . Repair Stations . | . . . . Recycling Units 2 | . 2 . . Scanalyzers . | . . . . Garrison Access . | . . . . Terminal Hacks 3 | . . 3 . Record 1 | . . 1 . Unreport Threat 1 | . . 1 . Hauler Manifests 1 | . . 1 . Fabricator Hacks . | . . . . Repair Station Hacks . | . . . . Recycling Unit Hacks 1 | . 1 . . Report Inventory 1 | . 1 . . Scanalyzer . | . . . . Garrison Access Hacks . | . . . . Unauthorized Hacks . | . . . . Terminals . | . . . . Fabricators . | . . . . Repair Stations . | . . . . Recycling Units . | . . . . Scanalyzers . | . . . . Garrison Access . | . . . . Data Cores Recovered 1 | . . 1 . Used . | . . . . Hacking Detections . | . . . . Full Trace Events . | . . . . Feedback Events . | . . . . Feedback Blocked . | . . . . Robot Schematics Acquired . | . . . . Robots Built . | . . . . Authchips . | . . . . Time . | . . . . Total Robot Build Rating . | . . . . Part Schematics Acquired . | . . . . Parts Built . | . . . . Authchips . | . . . . Time . | . . . . Total Part Build Rating . | . . . . Parts Repaired . | . . . . Time . | . . . . Parts Recycled . | . . . . Recycled Matter . | . . . . Retrieved Matter . | . . . . Retrieved Components . | . . . . Parts Scanalyzed . | . . . . Part Schematics Acquired . | . . . . Parts Damaged . | . . . . Bothacking | -11 -10 -9 -8 ------------ Run | Yrd Mat Mat Mat Used RIF Installer . | . . . . Robots Hacked 1 | . . . 1 Non-combat . | . . . . Combat 1 | . . . 1 Robot Hacks Applied 1 | . . . 1 parse_system 1 | . . . 1 Relay Couplers Released . | . . . . Fabnet Peak Effective % . | . . . . Robots Rewired . | . . . . Allies Hacked . | . . . . Hacks Repelled . | . . . . Allies | -11 -10 -9 -8 -------- Run | Yrd Mat Mat Mat Total Allies . | . . . . Largest Group . | . . . . Highest-Rated Group . | . . . . Highest-Rated Ally . | . . . . Total Orders . | . . . . Ally Attacks . | . . . . Total Damage . | . . . . Kills . | . . . . Allies Corrupted . | . . . . Allies Melted . | . . . . Intel | -11 -10 -9 -8 ------- Run | Yrd Mat Mat Mat Active Infowar (turns) 1368 | . 255 774 339 Optics 160 | . 160 . . Sensors 1102 | . . 774 328 Terrain 11 | . . . 11 Structural 95 | . 95 . . Robot Analysis Total . | . . . . Derelict Logs Recovered . | . . . . Drone Launches . | . . . . Drone Recoveries . | . . . . Exploration | -11 -10 -9 -8 ------------- Run | Yrd Mat Mat Mat Turns Passed 1762 | 55 502 811 394 Spaces Moved 972 | 45 303 423 201 Core 184 | 12 5 . 167 Treads 377 | . . 343 34 Legs 366 | 33 253 80 . Wheels . | . . . . Hover . | . . . . Flight 45 | . 45 . . Fastest Speed 40 | 50 40 160 50 Average Speed 138 | 101 112 165 129 Slowest Speed 200 | 120 190 190 200 Overloaded Moves . | . . . . Propulsion Burnouts . | . . . . Robots Hopped . | . . . . Potential Cave-ins . | . . . . Cave-ins Triggered . | . . . . Exploration Rate (%) 20 | 3 36 31 12 Regions Visited 3 Branch Regions . Pre-discovered Areas . | . . . . Known Exits Taken 1 | . . 1 . Unknown Exits Taken 2 | 1 1 . . Scrap Searched . | . . . . Spaces Dug . | . . . . Terrain Destroyed 32 | . . 32 . Melee . | . . . . Projectile . | . . . . AOE 32 | . . 32 . Terrain Rammed . | . . . . Walls Destroyed . | . . . . Machines Disabled . | . . . . Actions | -11 -10 -9 -8 --------- Run | Yrd Mat Mat Mat Total 1258 | 54 395 507 302 Wait 82 | . 3 23 56 Move 969 | 44 302 422 201 Hop . | . . . . Pick Up 45 | 5 22 12 6 Fast Attach . | . . . . Attach 39 | 5 18 8 8 Detach 1 | . 1 . . Swap 5 | . 2 3 . Drop 14 | . 5 8 1 Fire 101 | . 42 31 28 Melee 2 | . . . 2 Ram . | . . . . Kick . | . . . . Crush . | . . . . Escape Stasis . | . . . . Rewire . | . . . . Trap . | . . . . Miscellaneous . | . . . . Route ------- -11/Scrapyard -10/Materials -9/Materials -8/Materials History --------- Turn | Location | Event 4 | -11/Scrapyard | Discovered new exit (range 16) 56 | -11/Scrapyard | Entered Materials 293 | -10/Materials | Core integrity fell below 50% 300 | -10/Materials | Lost 5 parts (1p1n3w) 307 | -10/Materials | Build established: Mutant 506 | -10/Materials | Discovered new exit (range 11) 558 | -10/Materials | Entered another Materials area 558 | -9/Materials | Evolved 2 slots: Power x1, Propulsion x1 1036 | -9/Materials | Build established: Scavenger-Mutant 1348 | -9/Materials | Discovered new exit (range 12) 1368 | -9/Materials | Identified exit to Materials 1369 | -9/Materials | Entered another Materials area 1369 | -8/Materials | Evolved 2 slots: Utility x1, Weapon x1 1488 | -8/Materials | Lost 6 parts (2p2n2w) 1701 | -8/Materials | Core integrity fell below 50% 1716 | -8/Materials | Core integrity fell below 20% 1746 | -8/Materials | Lost 5 parts (1u4w) 1763 | -8/Materials | Destroyed by G-47 Trooper with Particle Gun Last Messages --------------- Reading system data... 01690_ K-01 Serf cleans the Fusion Modulator. 01690_ Critical hit (Burn: +37). 01694_ Penetrated by Slug. 01696_ Datajack destroyed. 01697_ Rocket Launcher destroyed. 01697_ Sensor Array destroyed. 01700_ Penetrated by Slug. 01701_ U-05 Engineer builds a Door. 01703_ Penetrated by Slug. 01706_ Slug penetrates Wall. 01707_ U-05 Engineer builds a Door. 01714_ G-47 Trooper destroyed. 01715_ Penetrated by Slug. 01715_ Pulse Rifle destroyed. 01722_ Slug penetrates Wall. 01746_ Acquired Pulse Rifle. 01751_ Acquired Imp. Terrain Scanner. 01761_ Hacking Suite destroyed. 01761_ System corrupted by crushing effect (+4). Map ----- +----------------------------------------------------+ | ???????????????# ! ??????????? | | ???????????????# ??????????? | | ???????????????# """ """ ??????????? | | ???????????????# """ """ ???????????? | | ???????????????# """ """ ????????????? | | ???????????????# ????????????? | | ???????????????+ ????????????? | | ???????????????# #"T"#########???????????????? | | ???????????????# ########????????????????????? | | ???????????????# + / #???????????????? | | ???????????????# # #???????????????? | | ???????????????# #?? """ = #???????????????? | | ???????????????# #????"" #??????????????? | | ??????????????## +?????? ??????#?????????????? | | ??????????????#T #???????????????????????????? | | ??????????????## #???????????????????????????? | | ???????????????# #?##########????????????????? | | ???????????????# #?# #????????????????? | | ???????????????# #?# Y"""""??????????????????? | | ???????????????# #?# """"" ?????????????????? | | ??????????#????# #?# """"" ?????????????????? | | ?????????????### ### """"" ?????????????????? | | ?????????????+ /g """"" ?????????????????? | | ?????????????### ###g """"" #????????????????? | | ???????? ??????# #?# """"" #????????????????? | | ????????"??????# #?# @b #????????????????? | | ???????????????# #?#####+####????????????????? | | ???????????????# ???????????????????????????? | | ???????????????" ??????????????????????????? | | ??????????????"T """ ?????????????????????????? | | ?????????????#"" "T" ?????????????????????????? | | ??????????????## ????????????????????????? | | ??????????????? ???????????????????????? | | ??????????????? ??????????????????????? | | ???????????????####+#??# ??????????????????????? | | ????????????????????????? ?????????????????????? | | ??????????????????????????[??????#?????????????? | | ???????????????????????????????????????????????? | | ???????????????????????????????????????????????? | | ??????????????????????????#????????????????????? | | ???????????????????????????????????????????????? | | ???????????????????????????????????????????????? | | ???????????????????????????????????????????????? | | ???????????????????????????????????????????????? | | ???????????????????????????????????????????????? | | ???????????????????????????????????????????????? | | | | | | | | | +----------------------------------------------------+ Best States ------------- Heat Dissipation 56 Energy Generation 19 Energy Capacity 430 Matter Stores 300 Matter Capacity 300 Sight Range 18 Robot Scan Range 14 Terrain Scan Range 16 Terrain Scan Density 10 Evasion (%) 62 Recoil Reduction 3 Offensive Hacking 10 Item Schematics ----------------- None Robot Schematics ------------------ None Fabricated ------------ Nothing Repaired ---------- Nothing Alien Tech Used ----------------- None Achievements -------------- Crack Shot Everything Is Under Control Shopping List Challenges ------------ None Game ------ Seed MyomerBottomlessBarrier Manual? 0 Play Time 00:20:35 Cumulative 1.6 hours Start 2025.06.23 @ 21:07:06 End 2025.06.23 @ 21:26:59 Sessions 1 Manual Loads 0 Difficulty Rogue Special Mode None Game No. 4 Rogue 4 Adventurer 0 Explorer 0 Win Type - Total 0 Types 0/0/0/0/0/0/0/0/0/0 Lore% 1 Gallery% 3 Achievement% 3 Wizard Run 0 Options --------- Layout 1 ASCII 0 Keyboard 0 Movement Mouse Keybinds 0 Fullscreen 1 Font 24/Smallcaps Map View 50x35 Zoom Use 0% Tactical HUD 1 Map Filters NONE Filters NONE Steam 1 RUN: 2e0a2f15-5130-4010-b3c6-53ec508cdb01